 Dungeon Crawl Stone Soup version 0.28.0-55-gcd9437bce4 (webtiles) character file.

Game seed: 15099396083653447298

178 Atelerd the Digger (level 5, -3/31 HPs)
             Began as an Octopode Earth Elementalist on Jan 5, 2023.
             Slain by Duvessa
             ... wielding a +0 short sword
              (9 damage)
             ... on level 4 of the Dungeon.
             The game lasted 00:03:34 (2537 turns).

Atelerd the Digger (Octopode Earth Elementalist)    Turns: 2537, Time: 00:03:35

Health: -3/31      AC:  5    Str:  8    XL:     5   Next: 58%
Magic:  3/9        EV: 13    Int: 25    God:
Gold:   179        SH:  0    Dex: 18    Spells: 5/10 levels left

rFire   . . .      SeeInvis .   d - +0 dagger
rCold   . . .      Faith    .   (no shield)
rNeg    . . .      Spirit   .   (helmet restricted)
rPois   .          Reflect  .   (no amulet)
rElec   .          Harm     .   h - +6 ring of intelligence
rCorr   .          Rampage  .   l - +4 ring of protection
Will    .....                   n - +6 ring of dexterity
Stlth   +++.......              (no ring)
HPRegen 0.10/turn               (no ring)
MPRegen 0.11/turn               (no ring)
                                (no ring)
                                (no ring)

@: hasted, very quick
A: almost no armour, amphibious, 8 rings, camouflage 1, gelatinous body 1,
(nimble swimmer 1), tentacles
a: no special abilities


You were on level 4 of the Dungeon.
You visited 1 branch of the dungeon, and saw 4 of its levels.

You collected 179 gold pieces.

Inventory:

Hand Weapons
 d - a +0 dagger (weapon)
 r - a +0 shortbow of flaming
Missiles
 b - 44 stones
Jewellery
 c - an amulet of guardian spirit
 h - a +6 ring of intelligence (left tentacle)
 l - a +4 ring of protection (right tentacle)
 n - a +6 ring of dexterity (on tentacle)
Wands
 k - a wand of charming (12)
Scrolls
 a - 4 scrolls of identify
 f - a scroll of immolation
 m - 2 scrolls of vulnerability
Potions
 e - a potion of berserk rage {unknown}
 i - a potion of brilliance {unknown}
 j - a potion of haste
 o - 2 potions of curing {unknown}
 p - a potion of attraction {unknown}
 q - 2 potions of heal wounds {unknown}


   Skills:
 - Level 2.2 Dodging
 - Level 2.7 Stealth
 + Level 3.3 Spellcasting
 + Level 2.8 Transmutations
 + Level 4.3 Earth Magic


You had 5 spell levels left.
You knew the following spells:

 Your Spells              Type           Power      Damage    Failure   Level
a - Sandblast             Erth           50%        2d12      1%          1
p - Petrify               Tmut/Erth      22%        N/A       22%         4

Your spell library contained the following spells:

 Spells                   Type           Power      Damage    Failure   Level
 Passwall                 Tmut/Erth      18%        N/A       3%          2
 Stone Arrow              Conj/Erth      30%        3d8       12%         3
 Dazzling Flash           Conj/Hex       8%         N/A       30%         3
 Gell's Gravitas          Tloc           4%         N/A       30%         3
 Lesser Beckoning         Tloc           4%         N/A       30%         3
 Teleport Other           Tloc           4%         N/A       30%         3
 Airstrike                Air            2%         N/A       69%         4
 Iskenderun's Mystic Bla  Conj/Tloc      4%         2d3       69%         4
 Summon Lightning Spire   Summ/Air       4%         N/A       69%         4
 Lightning Bolt           Conj/Air       2%         1d13      95%         5
 Starburst                Conj/Fire      2%         6d3       100%        6


Dungeon Overview and Level Annotations

Branches:
Dungeon (4/15)
 Temple: D:4-7

Altars:
Xom
Yredelemnul

Annotations:
D:2 1 runed translucent door, Crazy Yiuf
D:4 Duvessa


Innate Abilities, Weirdness & Mutations

You cannot wear most types of armour.
You are amphibious.
You can wear up to eight rings at the same time.
Your skin changes colour to match your surroundings (Stealth+).
Your rubbery body absorbs attacks. (AC +1, EV +1)
((You are camouflaged when in or above water. (Stealth+)))
You have tentacles for arms and can constrict up to eight enemies at once.


Message History

You release your grip on Dowan.
Found 18 stones.
The blast of sand misses Dowan.
Dowan barely misses you.
The blast of sand misses Dowan.
Dowan closely misses you.
The blast of sand hits Dowan!
Dowan is almost dead.
Dowan hits you but does no damage.
The blast of sand hits Dowan.
You kill Dowan!
You hear a distant scream of rage.
(D) Dungeon
Where to? (Enter - D:4, ? - help)
What level of the Dungeon? (default 1, ? - help) Duvessa goes berserk!
Casting: Sandblast (safe; 1% risk of failure)
Confirm with . or Enter, or press ? or * to list all spells.
The spell is extremely dangerous to miscast (22% risk of failure)!
Continue anyway?
Aiming: Petrify (extremely dangerous; 22% risk of failure)
Press: ? - help, Shift-Dir - straight line, f - Duvessa
Aim: Duvessa, wielding a +0 short sword and wearing a +0 ring mail (berserk, chance to affect: 37%) Duvessa easily resists.
As you read the scroll labelled WAEWNI PEUHU, it crumbles to dust.
It is a scroll of identify.
m - 2 scrolls of vulnerability
As you read the scroll labelled AXKOYNYBYDE, it crumbles to dust.
The creatures around you are filled with an inner flame!
It was a scroll of immolation.
As you read the scroll labelled KUDU VUKHLAICIH, it crumbles to dust.
You hear a loud clanging noise!
It was a scroll of noise.
Duvessa hits you with a +0 short sword! Duvessa misses you.
As you read the scroll labelled VOPRAU OXTIMM, it crumbles to dust.
Your body is wracked with pain!
Duvessa convulses!
Flame seeps out of Duvessa.
It was a scroll of torment.
Duvessa is engulfed in blazing flames.
Flame seeps out of Duvessa.
Duvessa hits you with a +0 short sword!
* * * LOW HITPOINT WARNING * * *
It was a potion of haste.
You feel yourself speed up.
Duvessa is engulfed in blazing flames.
Flame seeps out of Duvessa.
Duvessa hits you with a +0 short sword!
You die...

..........###
############
'########...#
#..........# .....# #...#
#..........# .....#
#...#####..........#
.....#
#..................######
.....#
#......).................
.....#
#........................
######
#........................
#.......@e...............
##
#.#######................
.. #+ +..........######
.. #...............$ ..
#................ ..
....>#####....... ..
..(#.# #....... #####.
#.#.# #.e..... ......
#.......


You could see Duvessa (berserk, inner flame).

Vanquished Creatures
  Dowan (D:4)
  A hound (D:3)
  Ijyb (D:3)
  An adder (D:3)
  A white imp (D:4)
  An adder skeleton (D:4)
  4 orcs (D:3)
  7 bats
  3 endoplasms
  A giant cockroach (D:1)
  7 goblins
  5 hobgoblins
  2 jackals (D:3)
  3 kobolds
  A quokka (D:1)
  6 ball pythons
  5 frilled lizards
  A rat (D:1)
51 creatures vanquished.

Vanquished Creatures (others)
  13 plants (D:2)
13 creatures vanquished.

Grand Total: 64 creatures vanquished

Notes
Turn   | Place    | Note
-------+----------+-------------------------------------------
     0 | D:1      | Atelerd the Octopode Earth Elementalist began the quest for
                  | the Orb.
     0 | D:1      | Reached XP level 1. HP: 11/11 MP: 3/3
   139 | D:1      | Reached XP level 2. HP: 15/17 MP: 1/5
   698 | D:2      | Reached XP level 3. HP: 19/21 MP: 6/6
   891 | D:2      | Found a runed translucent door.
   892 | D:2      | Noticed Crazy Yiuf
  1481 | D:3      | Found a basalt altar of Yredelemnul.
  1485 | D:3      | Reached XP level 4. HP: 23/27 MP: 2/8
  1579 | D:3      | Found a shimmering altar of Xom.
  1608 | D:3      | Noticed Ijyb
  1674 | D:3      | Learned a level 4 spell: Petrify
  1732 | D:3      | Killed Ijyb
  1733 | D:3      | Reached skill level 4 in Earth Magic
  2150 | D:3      | Found a faded altar of an unknown god.
  2154 | D:3      | Reached XP level 5. HP: 31/31 MP: 9/9
  2501 | D:4      | Noticed Duvessa
  2501 | D:4      | Noticed Dowan
  2521 | D:4      | Killed Dowan
  2537 | D:4      | Slain by Duvessa

Illustrated notes

Levels and vault maps discovered:
D:1:      minmay_arrival_doors, layout_rooms
D:2:      wad_lake_hut, layout_loops_corners, uniq_terence,
          uniq_crazy_yiuf_cottage
D:3:      layout_rooms, mainiacjoe_overflow_catch_the_wave,
          shapermc_ecumenical_altar_starsandcircs, uniq_ijyb
D:4:      layout_basic, kennysheep_small_spiral, uniq_duvessa

Skill      XL: |  1  2  3  4 |
---------------+-------------+-----
Transmutations | 2 |  2.8
Earth Magic    | 4 |  4.3
Spellcasting   | 3 |  3.3
Dodging        | |  2.2
Stealth        | |  2.7

Action                   |  1- 3 |  4- 6 || total
-------------------------+-------+-------++-------
Melee: Unarmed           |     5 |       ||     5
       Dagger            |    40 |    39 ||    79
       Constrict         |    13 |     7 ||    20
       Tentacles         |     8 |    14 ||    22
       Punch             |       |     1 ||     1
 Cast: Sandblast         |    15 |    21 ||    36
       Petrify           |       |     2 ||     2
  Use: Scroll            |       |     4 ||     4
       Potion            |       |     1 ||     1
 Stab: Sleeping          |    12 |     3 ||    15
Armor: Skin              |     3 |    13 ||    16
Dodge: Dodged            |    36 |    28 ||    64
